 Dungeon Crawl Stone Soup version 0.21-a0-111-g52d2817 (webtiles) character file.

28 sagitran the Skirmisher (level 3, -18/29 HPs)
             Began as a Demonspawn Abyssal Knight on July 11, 2017.
             Was a Follower of Lugonu.
             Killed by divine providence
             ... invoked by an orc priest
              (19 damage)
             ... on level 3 of the Dungeon.
             The game lasted 00:04:46 (1154 turns).

sagitran the Skirmisher (Demonspawn Abyssal Knight) Turns: 1154, Time: 00:04:47

Health: -18/29     AC:  8    Str: 13    XL:     3   Next: 0%
Magic:  5/5        EV:  9    Int: 13    God:    Lugonu [*.....]
Gold:   54         SH:  0    Dex: 12    Spells: 2/2 levels left

rFire    x . .     SeeInvis .   a - +1 spear
rCold    + . .     Gourm    .   (no shield)
rNeg     . . .     Faith    .   e - +0 scale mail
rPois    +         Spirit   .   (no helmet)
rElec    .         Reflect  .   (no cloak)
rCorr    .         Harm     +   (no gloves)
MR       .....                  (no boots)
Stlth    ..........             o - amulet of harm
HPRegen  0.09/turn              d - ring of poison resistance
MPRegen  0.09/turn              g - ring of ice

@: no status effects
A: slimy green scales 1
a: Depart the Abyss, Renounce Religion


You were on level 3 of the Dungeon.
You worshipped Lugonu.
Lugonu was aware of your devotion.
You were hungry.

You visited 1 branch of the dungeon, and saw 3 of its levels.
You visited the Abyss 1 time.

You collected 54 gold pieces.

Inventory:

Hand Weapons
 a - a +1 spear (weapon)
Armour
 b - a +0 leather armour
 e - a +0 scale mail (worn)
Jewellery
 d - a ring of poison resistance (left hand)
 g - a ring of ice (right hand)
 o - an amulet of harm (around neck)
Scrolls
 i - 2 scrolls of identify {unknown}
 l - a scroll of remove curse {unknown}
Potions
 f - a potion of agility {unknown}
 h - 2 potions of curing {unknown}
 j - 2 potions of heal wounds {unknown}
 k - a potion of ambrosia {unknown}
 n - a potion of might {unknown}
 p - a potion of brilliance {unknown}
 q - a potion of flight {unknown}
Comestibles
 c - a bread ration
 m - a royal jelly


   Skills:
 + Level 3.5 Fighting
 + Level 2.0 Polearms
 + Level 2.2 Armour
 + Level 1.0 Dodging
 + Level 2.7 Invocations


You had 2 spell levels left.
You didn't know any spells.

Dungeon Overview and Level Annotations

Branches:
Dungeon (3/15)

Altars:


Innate Abilities, Weirdness & Mutations

You are partially covered in slimy green scales. (AC +2)


Message History

A frilled lizard comes into view.
The frilled lizard hisses angrily.
You hit the orc priest.
The orc priest is heavily wounded.
The orc priest hits you but does no damage.
The frilled lizard moves out of view.
An orc comes into view. It is wielding a dagger of protection.
The orc shouts!
You hit the orc priest.
The orc priest is almost dead.
The orc priest invokes the aid of Beogh against you.
Beogh smites you!
* * * LOW HITPOINT WARNING * * *
You hear a shout!
You hit the orc priest.
The orc priest is almost dead.
The orc priest invokes the aid of Beogh against you.
Beogh smites you!
Ouch! That really hurt!
You die...

... ...
.( l. #o
##### #o
#..<#
#o##.###
#.@..#
######


You could see an orc priest, 2 orcs and a frilled lizard.

Vanquished Creatures
  A dart slug (D:1)
  2 leopard geckos (D:1)
  3 bats
  2 giant cockroaches (D:1)
  2 goblins (D:1)
  3 hobgoblins
  3 kobolds
  A frilled lizard (D:1)
  5 rats
22 creatures vanquished.

Notes
Turn   | Place    | Note
-------+----------+-------------------------------------------
     0 | Abyss:1  | sagitran the Demonspawn Abyssal Knight began the quest for the Orb.
     0 | Abyss:1  | Reached XP level 1. HP: 18/18 MP: 2/2
     9 | D:1      | Escaped the Abyss
   456 | D:1      | Gained mutation: You are partially covered in slimy green scales. (AC +2) [demonic ancestry]
   456 | D:1      | Reached XP level 2. HP: 15/24 MP: 3/3
   662 | D:1      | Reached skill level 1 in Dodging
  1118 | D:2      | Reached XP level 3. HP: 29/29 MP: 5/5
  1153 | D:3      | HP: 1/29 [orc priest/divine providence (8)]
  1154 | D:3      | Killed from afar by an orc priest

Vault maps used:
D:1:      scummos_arrival_star, minmay_tall_x
D:2:      elyvilon_altar_1, eino_curves_04, minmay_ruptured,
          uniq_crazy_yiuf_cottage
D:3:      vehumet_crystals, lemuel_doored_altar

Skill      XL: |  1  2 |
---------------+-------+-----
Armour         | 2 |  2.2
Dodging        | 1 |  1.0
Polearms       | 2 |  2.0
Fighting       | |  3.5
Invocations    | |  2.7

Action                   || total
-------------------------++-------
Melee: Spear             ||    70
Armor: Scale mail        ||    34
       Leather armour    ||     1
Dodge: Dodged            ||    11
